BSA
HENDERSONVILLE HITMEN @ NASSAU ROCKETS
09/24/2024
 
TOP OF THE 1ST
Hendersonville Hitmen batting - Pitching for Nassau Rockets : LHP Gianluigi Ciottone
Pitching: LHP Gianluigi Ciottone
Batting: RHB Carlos García 0-0: Swinging Strike
0-1: Ball
1-1: Ball
2-1: Foul Ball, location: 2F
2-2: Ball
3-2: Ground out 1-3 (Groundball, 25)
Batting: RHB Rafael González 0-0: Ball
1-0: Ball
2-0: Called Strike
2-1: Ground out 5-3 (Groundball, 5L)
Batting: RHB Manolo Román 0-0: Called Strike
0-1: Ball
1-1: Ball
2-1: Called Strike
2-2: Foul Ball, location: 2F
2-2: Ball
3-2: Base on Balls
Batting: LHB Lorenzo Villa 0-0: Called Strike
0-1: Ball
1-1: Ball
Wild Pitch!
Manolo Román to second
Single, Error in OF, E9, batter to second base
Manolo Román scores
Batting: RHB Robert Buckley 0-0: Ball
1-0: Called Strike
1-1: Ground out 6-3 (Groundball, 6)
Top of the 1st over - 1 run(s), 1 hit(s), 1 error(s), 1 left on base; Hendersonville 1 - Nassau 0
BOTTOM OF THE 1ST
Nassau Rockets batting - Pitching for Hendersonville Hitmen : RHP Carlos Hernández
Pitching: RHP Carlos Hernández
Batting: RHB Sadayoshi Kato 0-0: Ball
1-0: Called Strike
1-1: SINGLE (Groundball, 56D)
Batting: SHB Howard Parker 0-0: Ball
1-0: Ball
2-0: DOUBLE (Groundball, 3L)
Sadayoshi Kato to third
Batting: LHB Alden Lindsey 0-0: Ball
1-0: Ball
2-0: 3-RUN HOME RUN (Flyball, 9LD), Distance : 342 ft
Batting: RHB Carlos MacKinney 0-0: Ball
1-0: Foul Ball, location: 2F
1-1: Called Strike
1-2: SINGLE (Line Drive, 3D)
Batting: RHB Ed Sims 0-0: SINGLE (Groundball, 5D)
Carlos MacKinney to second
Batting: SHB Chris Bennis 0-0: Grounds into double play, U4-3 (Groundball, 4)
Carlos MacKinney to third
Batting: LHB Andrew Alvarado 0-0: Ball
1-0: Ground out 1-3 (Groundball, 15)
Bottom of the 1st over - 3 run(s), 5 hit(s), 0 error(s), 1 left on base; Hendersonville 1 - Nassau 3
TOP OF THE 2ND
Hendersonville Hitmen batting - Pitching for Nassau Rockets : LHP Gianluigi Ciottone
Batting: LHB Terry White 0-0: Ground out 6-3 (Groundball, 6)
Batting: RHB Eduardo García 0-0: Foul Ball, location: 2F
0-1: Ball
1-1: Foul Ball, location: 2F
1-2: Ball
2-2: Ball
3-2: Foul Ball, location: 2F
3-2: Ground out 5-3 (Groundball, 5S)
Batting: RHB Taylor McFarland 0-0: Called Strike
0-1: Ball
1-1: Foul Ball, location: 2F
1-2: Ball
2-2: Strikes out swinging
Top of the 2nd over - 0 run(s), 0 hit(s), 0 error(s), 0 left on base; Hendersonville 1 - Nassau 3
BOTTOM OF THE 2ND
Nassau Rockets batting - Pitching for Hendersonville Hitmen : RHP Carlos Hernández
Batting: RHB Felipe Rivera 0-0: Ground out 5-3 (Groundball, 5)
Batting: RHB Vern Carlton 0-0: SINGLE (Line Drive, 4MD)
Batting: RHB Sadayoshi Kato 0-0: Called Strike
0-1: Foul Ball, location: 2F
0-2: Ball
1-2: Ball
2-2: Ball
3-2: Hit by Pitch
Vern Carlton to second
Batting: SHB Howard Parker 0-0: Ball
1-0: Foul Ball, location: 2F
1-1: Swinging Strike
1-2: Foul Ball, location: 2F
1-2: Foul Ball, location: 2F
1-2: Fielders Choice at 2nd, 3-6 (Groundball, 34)
Vern Carlton to third
Batting: LHB Alden Lindsey 0-0: Fly out, F7 (Flyball, 78M)
Bottom of the 2nd over - 0 run(s), 1 hit(s), 0 error(s), 2 left on base; Hendersonville 1 - Nassau 3
TOP OF THE 3RD
Hendersonville Hitmen batting - Pitching for Nassau Rockets : LHP Gianluigi Ciottone
Batting: RHB Robert Bly 0-0: Ball
1-0: Called Strike
1-1: Called Strike
1-2: Ball
2-2: Foul Ball, location: 2F
2-2: Fly out, F9 (Popup, 9S)
Batting: RHB Carlos García 0-0: Ball
1-0: Called Strike
1-1: Foul Ball, location: 2F
1-2: Ball
2-2: SOLO HOME RUN (Flyball, 78XD), Distance : 372 ft
Batting: RHB Rafael González 0-0: Ball
1-0: Ground out 6-3 (Groundball, 6M)
Batting: RHB Manolo Román 0-0: Ball
1-0: Ball
2-0: Ball
3-0: Base on Balls
Batting: LHB Lorenzo Villa 0-0: SINGLE (Groundball, 34D)
Manolo Román to second
Runner from 2nd tries for 3rd, SAFE, throw made to third
Batting: RHB Robert Buckley 0-0: Ball
1-0: SINGLE (Groundball, 2R) (infield hit)
Manolo Román scores
Lorenzo Villa to second
Batting: LHB Terry White 0-0: SINGLE (Line Drive, 6MD)
Lorenzo Villa to third
Robert Buckley to second
Runner from 3rd tries for Home, SAFE, throw made home
Batting: RHB Eduardo García 0-0: Ball
1-0: Called Strike
1-1: Ball
2-1: Ball
3-1: Foul Ball, location: 2F
3-2: Foul Ball, location: 2F
3-2: Ground out 5-3 (Groundball, 15S)
Top of the 3rd over - 3 run(s), 4 hit(s), 0 error(s), 2 left on base; Hendersonville 4 - Nassau 3
BOTTOM OF THE 3RD
Nassau Rockets batting - Pitching for Hendersonville Hitmen : RHP Carlos Hernández
Batting: RHB Carlos MacKinney 0-0: Called Strike
0-1: Fly out, F9 (Flyball, 89S)
Batting: RHB Ed Sims 0-0: SINGLE (Line Drive, 8LS)
Batting: SHB Chris Bennis 0-0: Swinging Strike
0-1: Fielders Choice at 2nd, 6-4 (Groundball, 56D)
Batting: LHB Andrew Alvarado 0-0: Ground out 6-3 (Groundball, 6)
Bottom of the 3rd over - 0 run(s), 1 hit(s), 0 error(s), 1 left on base; Hendersonville 4 - Nassau 3
TOP OF THE 4TH
Hendersonville Hitmen batting - Pitching for Nassau Rockets : LHP Gianluigi Ciottone
Batting: RHB Taylor McFarland 0-0: Ball
1-0: Ball
2-0: Ground out 6-3 (Groundball, 6)
Batting: RHB Robert Bly 0-0: Ball
1-0: Called Strike
1-1: Foul Ball, location: 2F
1-2: Ground out 6-3 (Groundball, 56)
Batting: RHB Carlos García 0-0: Ball
1-0: Ball
2-0: Foul Ball, location: 2F
2-1: Ball
3-1: Fly out, F6 (Line Drive, 6D)
Top of the 4th over - 0 run(s), 0 hit(s), 0 error(s), 0 left on base; Hendersonville 4 - Nassau 3
BOTTOM OF THE 4TH
Nassau Rockets batting - Pitching for Hendersonville Hitmen : RHP Carlos Hernández
Batting: RHB Felipe Rivera 0-0: Called Strike
0-1: Foul Ball, location: 2F
0-2: Ball
1-2: Ball
2-2: Foul Ball, location: 2F
2-2: Foul Ball, location: 2F
2-2: Fly out, F9 (Line Drive, 89D)
Batting: RHB Vern Carlton 0-0: Ball
1-0: Ball
2-0: Ball
3-0: Called Strike
3-1: Base on Balls
Batting: RHB Sadayoshi Kato 0-0: Ball
1-0: Called Strike
1-1: Ball
2-1: Called Strike
2-2: Strikes out swinging
Batting: SHB Howard Parker Reached via error on a dropped throw, E3
Vern Carlton to second
Batting: LHB Alden Lindsey 0-0: Ball
1-0: Called Strike
1-1: Ball
2-1: Ball
3-1: Called Strike
3-2: Foul Ball, location: 2F
3-2: Base on Balls
Vern Carlton to third
Howard Parker to second
Batting: RHB Carlos MacKinney 0-0: Called Strike
0-1: Ball
1-1: Foul Ball, location: 2F
1-2: Ball
2-2: Strikes out looking
Bottom of the 4th over - 0 run(s), 0 hit(s), 1 error(s), 3 left on base; Hendersonville 4 - Nassau 3
TOP OF THE 5TH
Hendersonville Hitmen batting - Pitching for Nassau Rockets : LHP Gianluigi Ciottone
Batting: RHB Rafael González 0-0: Ball
1-0: Ball
2-0: Called Strike
2-1: Called Strike
2-2: Ball
3-2: Foul Ball, location: 2F
3-2: Foul Ball, location: 2F
3-2: Base on Balls
Batting: RHB Manolo Román 0-0: Called Strike
0-1: Ball
1-1: Ball
2-1: Fly out, F4 (Line Drive, 4)
Batting: LHB Lorenzo Villa 0-0: Swinging Strike
0-1: Ball
1-1: Grounds into double play, 4-6-3 (Groundball, 4)
Top of the 5th over - 0 run(s), 0 hit(s), 0 error(s), 0 left on base; Hendersonville 4 - Nassau 3
BOTTOM OF THE 5TH
Nassau Rockets batting - Pitching for Hendersonville Hitmen : RHP Carlos Hernández
Batting: RHB Ed Sims 0-0: Ball
1-0: Ball
2-0: Swinging Strike
2-1: Fly out, F9 (Line Drive, 89S)
Batting: SHB Chris Bennis 0-0: Swinging Strike
0-1: Fly out, F6 (Popup, 6)
Batting: LHB Andrew Alvarado 0-0: Ball
1-0: Called Strike
1-1: Ball
2-1: Foul Ball, location: 2F
2-2: SINGLE (Groundball, 34D)
Batting: RHB Felipe Rivera 0-0: Ground out 4-3 (Groundball, 4)
Bottom of the 5th over - 0 run(s), 1 hit(s), 0 error(s), 1 left on base; Hendersonville 4 - Nassau 3
TOP OF THE 6TH
Hendersonville Hitmen batting - Pitching for Nassau Rockets : LHP Gianluigi Ciottone
Pitching: RHP José García
Batting: RHB Robert Buckley 0-0: Ball
1-0: Called Strike
1-1: Foul Ball, location: 2F
1-2: Ball
2-2: Ball
3-2: Base on Balls
Batting: LHB Terry White 0-0: Called Strike
0-1: Ball
1-1: Called Strike
1-2: Strikes out swinging
Batting: RHB Eduardo García 0-0: Fielders Choice at 2nd, 4-6 (Groundball, 34)
Batting: RHB Taylor McFarland 0-0: Ball
1-0: SINGLE (Flyball, 8LS)
Eduardo García to second
Runner from 2nd tries for 3rd, OUT!
Top of the 6th over - 0 run(s), 1 hit(s), 0 error(s), 1 left on base; Hendersonville 4 - Nassau 3
BOTTOM OF THE 6TH
Nassau Rockets batting - Pitching for Hendersonville Hitmen : RHP Carlos Hernández
Batting: RHB Vern Carlton 0-0: SINGLE (Groundball, 56D)
Pitching: LHP Alfonso Ramos
Batting: RHB Sadayoshi Kato 0-0: Ball
1-0: Foul Ball, location: 2F
1-1: Called Strike
1-2: Strikes out swinging
Batting: SHB Howard Parker 0-0: Foul Ball, location: 2F
0-1: Swinging Strike
0-2: Strikes out swinging
Batting: LHB Alden Lindsey 0-0: Swinging Strike
0-1: Called Strike
0-2: Strikes out looking
Bottom of the 6th over - 0 run(s), 1 hit(s), 0 error(s), 1 left on base; Hendersonville 4 - Nassau 3
TOP OF THE 7TH
Hendersonville Hitmen batting - Pitching for Nassau Rockets : RHP José García
Batting: RHB Robert Bly 0-0: Fly out, F9 (Flyball, 9LM)
Batting: RHB Carlos García 0-0: Called Strike
0-1: Ball
1-1: Foul Ball, location: 2F
1-2: Ball
2-2: Ball
3-2: Strikes out swinging
Batting: RHB Rafael González 0-0: Ball
1-0: Ground out 6-3 (Groundball, 6)
Top of the 7th over - 0 run(s), 0 hit(s), 0 error(s), 0 left on base; Hendersonville 4 - Nassau 3
BOTTOM OF THE 7TH
Nassau Rockets batting - Pitching for Hendersonville Hitmen : LHP Alfonso Ramos
Batting: RHB Carlos MacKinney 0-0: Ball
1-0: Ball
2-0: Ball
3-0: Called Strike
3-1: Foul Ball, location: 2F
3-2: Ground out 1-3 (Groundball, 13S)
Batting: RHB Ed Sims 0-0: Ball
1-0: Foul Ball, location: 2F
1-1: Called Strike
1-2: Foul Ball, location: 2F
1-2: Strikes out swinging
Batting: SHB Chris Bennis 0-0: Ball
1-0: Ball
2-0: Ball
3-0: Base on Balls
Pitching: RHP Héctor Reyes
Batting: LHB Andrew Alvarado 0-0: Ground out 6-3 (Groundball, 6D)
Bottom of the 7th over - 0 run(s), 0 hit(s), 0 error(s), 1 left on base; Hendersonville 4 - Nassau 3
TOP OF THE 8TH
Hendersonville Hitmen batting - Pitching for Nassau Rockets : RHP José García
Pitching: RHP Jerry Good
Batting: RHB Manolo Román 0-0: Foul Ball, location: 2F
0-1: Ball
1-1: Ball
2-1: Swinging Strike
2-2: Strikes out swinging
Batting: LHB Lorenzo Villa 0-0: Called Strike
0-1: Ball
1-1: Ball
2-1: Ball
3-1: Called Strike
3-2: Ground out 4-3 (Groundball, 4)
Batting: RHB Robert Buckley 0-0: Called Strike
0-1: Called Strike
0-2: Foul Ball, location: 2F
0-2: Strikes out swinging
Top of the 8th over - 0 run(s), 0 hit(s), 0 error(s), 0 left on base; Hendersonville 4 - Nassau 3
BOTTOM OF THE 8TH
Nassau Rockets batting - Pitching for Hendersonville Hitmen : RHP Héctor Reyes
Pitching: RHP Robinson Gonzáles
Batting: RHB Felipe Rivera 0-0: Called Strike
0-1: Ball
1-1: Ground out 4-3 (Groundball, 34)
Batting: RHB Vern Carlton 0-0: Ball
1-0: Ball
2-0: Called Strike
2-1: SINGLE (Flyball, 8RS)
Pinch Hitting: LHB Jarred Jackson 0-0: Ball
1-0: SINGLE (Line Drive, 56D)
Vern Carlton to second
Batting: SHB Howard Parker 0-0: Swinging Strike
0-1: Ball
1-1: Fly out, F6 (Line Drive, 6)
Batting: LHB Alden Lindsey 0-0: Foul Ball, location: 2F
0-1: Ball
1-1: Ball
2-1: Swinging Strike
2-2: Ground out 6-3 (Groundball, 6)
Bottom of the 8th over - 0 run(s), 2 hit(s), 0 error(s), 2 left on base; Hendersonville 4 - Nassau 3
TOP OF THE 9TH
Hendersonville Hitmen batting - Pitching for Nassau Rockets : RHP Jerry Good
Now at 3B: Dave MacThomas
Batting: LHB Terry White 0-0: Ball
1-0: Foul Ball, location: 2F
1-1: Ball
2-1: Swinging Strike
2-2: SINGLE (Flyball, 9LM)
Pinch Hitting: LHB Jerry Johnston 0-0: Bunted foul
0-1: Sac Bunt - play at first, batter OUT! 5-4
Terry White to second
Pinch Hitting: SHB David Johnstone 0-0: Intentional Walk
Batting: RHB Robert Bly 0-0: Called Strike
0-1: Called Strike
0-2: Foul Ball, location: 2F
0-2: DOUBLE (Line Drive, 5)
Terry White scores
David Johnstone to third
Runner from 3rd tries for Home, SAFE, no throw or cutoff
Batting: RHB Carlos García 0-0: Ball
1-0: Foul Ball, location: 2F
1-1: Ball
2-1: Ball
3-1: Base on Balls
Batting: RHB Rafael González 0-0: Ball
1-0: Ball
2-0: SINGLE (Line Drive, 89S)
Robert Bly to third
Carlos García to second
Throwing error, E9
Robert Bly scores
Carlos García to third
Rafael González to second
Pitching: RHP Augusto Muñíz
Batting: RHB Manolo Román 0-0: Ball
1-0: Called Strike
1-1: Foul Ball, location: 2F
1-2: Foul Ball, location: 2F
1-2: Ball
2-2: Strikes out looking
Batting: LHB Lorenzo Villa 0-0: Ball
1-0: DOUBLE (Flyball, 89D)
Carlos García scores
Rafael González scores
Batting: RHB Robert Buckley 0-0: Foul Ball, location: 2F
0-1: Ball
1-1: Foul Ball, location: 2F
1-2: Ground out 1-3 (Groundball, 23)
Top of the 9th over - 5 run(s), 4 hit(s), 1 error(s), 1 left on base; Hendersonville 9 - Nassau 3
BOTTOM OF THE 9TH
Nassau Rockets batting - Pitching for Hendersonville Hitmen : RHP Robinson Gonzáles
Now at 1B: Jerry Johnston
Now in LF: David Johnstone
Batting: RHB Carlos MacKinney 0-0: Swinging Strike
0-1: Ball
1-1: Ball
2-1: Called Strike
2-2: Strikes out swinging
Batting: RHB Ed Sims 0-0: Called Strike
0-1: Ball
1-1: Called Strike
1-2: Ball
2-2: Foul Ball, location: 2F
2-2: Strikes out swinging
Batting: SHB Chris Bennis 0-0: Ball
1-0: SOLO HOME RUN (Flyball, 8RXD), Distance : 433 ft
Batting: LHB Andrew Alvarado 0-0: Called Strike
0-1: Called Strike
0-2: Strikes out swinging
Bottom of the 9th over - 1 run(s), 1 hit(s), 0 error(s), 0 left on base; Hendersonville 9 - Nassau 4
This league is powered by Out of the Park Baseball, the baseball management simulation game for PC, Mac and Linux
Saturday, April 9th, 2016 - OOTP Baseball 16.8 Build 38